 Dungeon Crawl Stone Soup version 0.27.0-1-g7a089689b8 (webtiles) character file.

Game seed: 14558464966548244204

711 Ijustatesigmund the Chopper (level 7, -2/63 HPs)
             Began as a Hill Orc Fighter on Aug 17, 2021.
             Slain by Menkaure (3 damage)
             ... on level 5 of the Dungeon.
             The game lasted 00:04:24 (4229 turns).

Ijustatesigmund the Chopper (Hill Orc Fighter)      Turns: 4229, Time: 00:04:25

Health: -2/63      AC:  9    Str: 19    XL:     7   Next: 68%
Magic:  7/7        EV:  7    Int:  8    God:
Gold:   164        SH:  9    Dex: 12    Spells: 6/6 levels left

rFire    . . .     SeeInvis .   a - +0 war axe
rCold    . . .     Faith    .   c - +0 kite shield
rNeg     . . .     Spirit   .   b - +0 scale mail
rPois    .         Reflect  .   (no helmet)
rElec    .         Harm     .   (no cloak)
rCorr    .         Rampage  .   (no gloves)
Will     .....                  k - +1 pair of boots
Stlth    ..........             (no amulet)
HPRegen  0.20/turn              (no ring)
MPRegen  0.10/turn              (no ring)

@: no status effects
A: no striking features
a: no special abilities


You were on level 5 of the Dungeon.
You visited 1 branch of the dungeon, and saw 5 of its levels.

You collected 164 gold pieces.

Inventory:

Hand Weapons
 a - a +0 war axe (weapon)
Armour
 b - a +0 scale mail (worn)
 c - a +0 kite shield (worn)
 k - a +1 pair of boots (worn)
Wands
 e - a wand of acid (8)
Scrolls
 l - a scroll of identify
 m - 2 scrolls of teleportation
Potions
 d - a potion of haste {unknown}
 f - a potion of brilliance
 g - a potion of ambrosia
 h - a potion of attraction
 j - a potion of magic {unknown}
 n - a potion of heal wounds {unknown}


   Skills:
 + Level 6.3 Fighting
 + Level 7.2 Axes
 + Level 4.8 Armour
 + Level 4.8 Shields


You had 6 spell levels left.
You didn't know any spells.
Your spell library contained the following spells:

 Spells                   Type           Power      Damage    Failure   Level
 Foxfire                  Conj/Fire      0%         2x1d4     99%         1
 Summon Small Mammal      Summ           0%         N/A       99%         1
 Ensorcelled Hibernation  Hex/Ice        0%         N/A       100%        2
 Slow                     Hex            0%         N/A       100%        2
 Call Canine Familiar     Summ           0%         N/A       100%        3
 Confusing Touch          Hex            0%         N/A       100%        3
 Conjure Flame            Conj/Fire      0%         6-21      100%        3
 Gell's Gravitas          Tloc           0%         N/A       100%        3
 Inner Flame              Hex/Fire       0%         N/A       100%        3
 Lesser Beckoning         Tloc           0%         N/A       100%        3
 Spider Form              Tmut/Pois      0%         N/A       100%        3
 Summon Guardian Golem    Hex/Summ       0%         N/A       100%        3
 Teleport Other           Tloc           0%         N/A       100%        3
 Vampiric Draining        Necr           0%         2d6       100%        3
 Shadow Creatures         Summ           N/A        N/A       100%        6


Dungeon Overview and Level Annotations

Branches:
Dungeon (5/15)
 Temple: D:4-7

Altars:

Annotations:
D:5 Menkaure


Message History

The jelly hits you but does no damage.
You slash the jelly!
You kill the jelly!
No target in view!
You are no longer corroded.
HP restored.
m - 2 scrolls of teleportation (gained 1) Menkaure, Prince of Dust comes into view.
Menkaure shouts!
You start waiting.
Menkaure is nearby!
Menkaure points at you and mumbles some strange words.
Pain shoots through your body!
Menkaure points at you and mumbles some strange words.
Pain shoots through your body!
You barely miss Menkaure.
Menkaure gestures wildly while chanting.
Menkaure seems to speed up.
You hit Menkaure.
Menkaure is lightly damaged.
Menkaure hits you!
You hit Menkaure.
Menkaure is moderately damaged.
Menkaure hits you!!
* * * LOW HITPOINT WARNING * * *
Menkaure calls on the powers of darkness!
Your body is wracked with pain!
* * * LOW HITPOINT WARNING * * *
It was a potion of curing.
You feel better. Menkaure hits you.
* * * LOW HITPOINT WARNING * * *
You slash Menkaure!
Menkaure is heavily damaged.
Menkaure casts a spell at you. Pain shoots through your body!
* * * LOW HITPOINT WARNING * * *
You block Menkaure's attack.
You hit Menkaure.
Menkaure is severely damaged.
Menkaure hits you.
You die...

# ## ... .#.
.. ###.##
....# #M.#
#####.@####
...........#
#########..#
#..# ###..#
#....#
###.## ###.#
#.#.#


You could see Menkaure (fast).

Vanquished Creatures
  Grinder (D:3)
  An ice beast (D:5)
  An ogre (D:4)
  A scorpion (D:4)
  A water moccasin skeleton (D:4)
  A hound (D:3)
  A jelly (D:5)
  An iguana (D:5)
  Terence (D:3)
  6 adders
  A worm (D:2)
  2 dart slugs
  An orc (D:4)
  4 bats
  5 endoplasms
  A giant cockroach (D:2)
  11 goblins
  8 hobgoblins
  5 jackals (D:1)
  5 quokkas
  5 ball pythons
  5 frilled lizards
  10 kobolds
  5 rats
83 creatures vanquished.

Vanquished Creatures (collateral kills)
  An adder (D:4)
1 creature vanquished.

Vanquished Creatures (others)
  A plant (D:5)
1 creature vanquished.

Grand Total: 85 creatures vanquished

Notes
Turn   | Place    | Note
-------+----------+-------------------------------------------
     0 | D:1      | Ijustatesigmund the Hill Orc Fighter began the quest for
                  | the Orb.
     0 | D:1      | Reached XP level 1. HP: 19/19 MP: 1/1
    55 | D:1      | Reached skill level 3 in Axes
   187 | D:1      | Reached XP level 2. HP: 27/27 MP: 2/2
   533 | D:1      | Reached skill level 4 in Axes
   536 | D:1      | Reached XP level 3. HP: 33/33 MP: 3/3
  1035 | D:2      | Found a faded altar of an unknown god.
  1655 | D:2      | Reached XP level 4. HP: 32/41 MP: 4/4
  1851 | D:2      | Reached skill level 5 in Axes
  2582 | D:3      | Noticed Terence
  2719 | D:3      | Killed Terence
  2720 | D:3      | Reached XP level 5. HP: 47/47 MP: 5/5
  2809 | D:3      | Reached skill level 5 in Fighting
  2809 | D:3      | Reached skill level 6 in Axes
  2972 | D:3      | Noticed Grinder
  2973 | D:3      | Paralysed by Grinder for 3 turns
  2987 | D:3      | Killed Grinder
  2988 | D:3      | Reached XP level 6. HP: 46/56 MP: 6/6
  3269 | D:4      | Reached XP level 7. HP: 34/62 MP: 7/7
  3720 | D:4      | You fall into a shaft and drop 1 floor!
  3720 | D:5      | Entered Level 5 of the Dungeon
  3748 | D:5      | Reached skill level 7 in Axes
  4219 | D:5      | Noticed Menkaure
  4228 | D:5      | HP: 1/63 [Menkaure/nerve-wracking pain (12)]
  4229 | D:5      | Slain by Menkaure

Illustrated notes

Levels and vault maps discovered:
D:1:      lightli_arrival_farm, layout_basic, minmay_misc_feat_enclosed
D:2:      layout_basic, dreamdust_ecumenical_altar_statues, minmay_tall_x
D:3:      layout_rooms, uniq_terence, uniq_grinder
D:4:      layout_cave_pools
D:5:      layout_loops_ring, minitemple, minmay_temple_entry_overgrown,
          st_stairs_9, kennysheep_generic_room_12, uniq_eustachio, uniq_sigmund,
          uniq_menkaure

Skill      XL: |  1  2  3  4  5  6  7 |
---------------+----------------------+-----
Axes           | 3 4 5 6 7 |  7.2
Fighting       | 4 5 6 |  6.3
Armour         | 4 |  4.8
Shields        | 4 |  4.8

Action                   |  1- 3 |  4- 6 |  7- 9 || total
-------------------------+-------+-------+-------++-------
Melee: War axe           |   135 |    98 |    46 ||   279
  Use: Scroll            |     2 |     4 |     3 ||     9
       Potion            |       |     1 |     1 ||     2
Armor: Scale mail        |    67 |    32 |    17 ||   116
Dodge: Dodged            |    58 |    21 |    12 ||    91
Block: Kite shield       |    88 |    46 |    25 ||   159
